 Dungeon Crawl Stone Soup version 0.22-a0-525-gf69a080 (webtiles) character file.

2954 Supahsalami the Cleaver (level 9, -2/82 HPs)
             Began as a Minotaur Berserker on June 20, 2018.
             Was a High Priest of Trog.
             Slain by an orc warrior
             ... wielding a +0 halberd
              (18 damage)
             ... in a bailey.
             The game lasted 00:28:07 (6537 turns).

Supahsalami the Cleaver (Minotaur Berserker)        Turns: 6537, Time: 00:28:08

Health: -2/82      AC: 10    Str: 24    XL:     9   Next: 52%
Magic:  0/8        EV:  8    Int:  4    God:    Trog [*****.]
Gold:   469        SH:  4    Dex: 11    Spells: 8/8 levels left

rFire    . . .     SeeInvis .   a - +0 hand axe
rCold    . . .     Gourm    .   n - +1 buckler
rNeg     . . .     Faith    .   o - +0 chain mail
rPois    .         Spirit   +   (helmet restricted)
rElec    .         Reflect  .   m - scarf {Spirit}
rCorr    .         Harm     .   (no gloves)
MR       .....                  (no boots)
Stlth    ..........             (no amulet)
HPRegen  0.23/turn              (no ring)
MPRegen  0.11/turn              A - ring of stealth

@: no status effects
A: retaliatory headbutt, horns 2
a: Berserk, Trog's Hand, Brothers in Arms, Renounce Religion


You were in a bailey.
You worshipped Trog.
Trog was extremely pleased with you.
You were not hungry.

You visited 1 branch of the dungeon, and saw 7 of its levels.
You also visited: Bailey.

You collected 469 gold pieces.

Inventory:

Hand Weapons
 a - a +0 hand axe (weapon)
 b - a +0 blowgun
 p - a +0 dagger
Armour
 m - a scarf of spirit shield (worn)
 n - a +1 buckler (worn)
 o - a +0 chain mail (worn)
Jewellery
 A - a ring of stealth (right hand)
Scrolls
 j - 5 scrolls of remove curse
 k - 2 scrolls of teleportation
 q - 2 scrolls of amnesia
 x - a scroll of fear
 C - a scroll of summoning {unknown}
Potions
 e - 2 potions of cancellation
 g - 2 potions of haste
 h - a potion of invisibility
 i - 2 potions of curing
 l - 3 potions of heal wounds
 r - 3 potions of mutation
 t - 2 potions of ambrosia
 v - a potion of magic
 B - a potion of agility
 D - a potion of resistance {unknown}
Comestibles
 c - 5 rations


   Skills:
 + Level 8.8 Fighting
 * Level 11.5 Axes
 + Level 8.2 Armour
 - Level 2.2 Dodging


You had 8 spell levels left.
You didn't know any spells.
Your spell library was empty.

Dungeon Overview and Level Annotations

Branches:
Dungeon (7/15)             Temple (0/1) D:4

Altars:
Fedhas
Gozag
Kikubaaqudgha
Okawaru
Qazlal
Sif Muna
Trog
Xom
The Shining One

Shops:
D:7 }

Annotations:
D:4 1 exclusion


Innate Abilities, Weirdness & Mutations

You reflexively headbutt those who attack you in melee.
You have a pair of horns on your head.


Message History

The orc warrior no longer looks unusually strong.
The orc warrior no longer looks unusually strong.
The orc knight roars a battlecry!
There is an open door here.
There is a large open door here.
There is a large open door here.
There is a large open door here.
There is a large open door here.
The orc warrior shouts!
There is an open door here.
The orc warrior no longer looks unusually strong.
The orc knight hits you from afar with a glaive!
The orc warrior hits you from afar with a glaive!!
The orc warrior no longer looks unusually strong.
The orc warrior closely misses you.
The orc warrior hits you from afar with a glaive!
The orc knight hits you from afar with a glaive!!
* * * LOW HITPOINT WARNING * * *
The orc warrior hits you from afar with a halberd!!
You die...

≈.#############+###'#########.≈.#
≈.## ##.........##.....##.≈.#
≈..## #§.≈≈≈≈≈≈≈..##...##..≈.#
≈≈..## .§≈§.§..(§≈..##.##..≈≈.#
.≈≈..# .≈≈..§∩⌠(.≈≈..#'#..≈≈.∩#
.≈≈..# .≈≈§(.⌠o(.§≈..#'#..≈≈.##
≈≈..## ..≈≈.(ooo§≈..'#.##..≈≈.#
≈).## #..≈≈≈§≈≈≈..##...##..≈.#
≈)##.$$$.##.....@...##.....##.≈.#
≈.#############+#############)≈.#
≈).##### ##.........)≈.#
≈≈≈≈≈≈≈####### ##..≈≈≈≈≈≈≈≈≈≈.#
......).##...## ##..≈≈..........#
######.##..≈..###..≈≈..##########
###...##.).≈≈.....≈≈..##
∩..#######..≈≈≈≈≈≈≈..## ####
##.........##


You could see an orc knight and 3 orc warriors.

Vanquished Creatures
  Pikel (D:5)
  An orc knight (Bailey)
  Sigmund (D:5)
  Menkaure (D:5)
  3 orc warriors
  A slave (D:5)
  A phantom (D:6)
  3 ogres
  3 centaurs
  Blork the orc (D:5)
  A bullfrog (D:6)
  2 howler monkeys (D:5)
  A crimson imp (D:5)
  A centaur skeleton (D:7)
  3 hounds
  3 orc wizards (D:5)
  2 orc priests
  A bullfrog zombie (D:6)
  3 iguanas
  5 worker ants
  A worker ant zombie (D:4)
  A howler monkey skeleton (D:5)
  8 adders
  A shadow imp (D:7)
  2 adder skeletons
  2 worms (D:2)
  2 dart slugs
  8 leopard geckos
  34 orcs
  8 bats
  5 giant cockroaches
  14 goblins
  7 hobgoblins
  19 jackals
  4 quokkas
  A ball python (D:1)
  A ball python skeleton (D:4)
  4 frilled lizards (D:2)
  7 kobolds
  8 rats
  3 fungi (D:1)
178 creatures vanquished.

Vanquished Creatures (others)
  An orc wizard (D:4)
1 creature vanquished.

Grand Total: 179 creatures vanquished

Notes
Turn   | Place    | Note
-------+----------+-------------------------------------------
     0 | D:1      | Supahsalami the Minotaur Berserker began the quest for the Orb.
     0 | D:1      | Reached XP level 1. HP: 19/19 MP: 0/0
    99 | D:1      | Reached XP level 2. HP: 20/27 MP: 1/1
   108 | D:1      | Reached skill level 4 in Axes
   557 | D:2      | Reached XP level 3. HP: 32/33 MP: 2/2
   563 | D:2      | Reached ** piety under Trog
   888 | D:2      | Reached XP level 4. HP: 40/41 MP: 3/3
  1060 | D:2      | Found a blossoming altar of Fedhas.
  1183 | D:2      | Reached skill level 5 in Axes
  1424 | D:3      | Reached *** piety under Trog
  1569 | D:3      | Reached XP level 5. HP: 34/47 MP: 4/4
  2600 | D:4      | Found a shimmering altar of Xom.
  2652 | D:4      | Reached skill level 5 in Fighting
  2743 | D:4      | Found a deep blue altar of Sif Muna.
  2766 | D:5      | Entered Level 5 of the Dungeon
  2766 | D:5      | Noticed Blork the orc
  2777 | D:5      | Killed Blork the orc
  2777 | D:5      | Reached skill level 6 in Axes
  2954 | D:4      | Noticed an orc warrior
  2962 | D:4      | Reached XP level 6. HP: 36/56 MP: 2/5
  3041 | D:4      | Found an opulent altar of Gozag.
  3085 | D:4      | Found a bloodstained altar of Trog.
  3238 | D:4      | Found a staircase to the Ecumenical Temple.
  3477 | D:5      | Noticed a slave
  3477 | D:5      | Noticed a slave
  3477 | D:5      | Noticed a slave
  3478 | D:5      | Noticed Pikel
  3479 | D:5      | Noticed a slave
  3530 | D:4      | Killed an orc warrior
  3530 | D:4      | Reached skill level 7 in Axes
  3624 | D:5      | Reached XP level 7. HP: 57/62 MP: 6/6
  3639 | D:5      | Reached skill level 5 in Armour
  3672 | D:5      | Noticed Menkaure
  3677 | D:5      | Killed Menkaure
  3856 | D:5      | Reached skill level 8 in Axes
  3902 | D:5      | Reached **** piety under Trog
  3934 | D:5      | Found an iron altar of Okawaru.
  4154 | D:5      | Reached XP level 8. HP: 60/71 MP: 7/7
  4183 | D:5      | Noticed Sigmund
  4190 | D:5      | Killed Sigmund
  4190 | D:5      | Reached skill level 9 in Axes
  4544 | D:5      | Killed Pikel
  4544 | D:5      | Reached skill level 10 in Axes
  4949 | D:6      | Reached XP level 9. HP: 64/81 MP: 6/8
  5090 | D:6      | Found an ancient bone altar of Kikubaaqudgha.
  5091 | D:6      | Found a glowing golden altar of the Shining One.
  5610 | D:6      | Found a stormy altar of Qazlal.
  5744 | D:7      | Reached skill level 11 in Axes
  5848 | D:7      | Found Catsouttouxt's Gadget Emporium.
  5871 | D:7      | Found a flagged portal.
  5890 | Bailey   | Entered a bailey
  6038 | Bailey   | Noticed an orc knight
  6216 | Bailey   | Noticed an orc knight
  6291 | Bailey   | Killed an orc knight
  6291 | Bailey   | Reached ***** piety under Trog
  6537 | Bailey   | Slain by an orc warrior

Vault maps used:
D:1:      minmay_arrival_stone_box, minmay_gold_behind_fungi,
          minmay_tetromino_i2
D:2:      first_ration, fedhas_altar_3
D:3:      st_stairs_10
D:4:      chequers_temple_overflow_statue_of_worship, xom_redecorated,
          kennysheep_mini, minmay_temple_entry_statues_pillars,
          grunt_ministairs_5
D:5:      nicolae_overflow_hidden_temple, uniq_sigmund, uniq_pikel,
          uniq_blork_the_orc, uniq_menkaure
D:6:      minitemple, nicolae_qazlal_style_of_elements
D:7:      enter_bailey_3, serial_shops, shop
Bailey:   bailey_polearm_1, bailey

Skill      XL: |  1  2  3  4  5  6  7  8  9 |
---------------+----------------------------+-----
Fighting       | 4 5 6 8 |  8.8
Axes           | 4 5 6 7 8 10 11 | 11.5
Armour         | 3 4 5 7 8 |  8.2
Dodging        | |  2.2

Action                   |  1- 3 |  4- 6 |  7- 9 || total
-------------------------+-------+-------+-------++-------
Melee: Hand axe          |    86 |   176 |   218 ||   480
       Headbutt          |    17 |    28 |    50 ||    95
 Fire: Blowgun           |       |    12 |     8 ||    20
Throw: Stone             |       |       |    28 ||    28
       Tomahawk          |       |       |     7 ||     7
Invok: Berserk           |       |     3 |     5 ||     8
Evoke: Wand              |       |     2 |     8 ||    10
  Use: Scroll            |       |     1 |    17 ||    18
  Eat: Chunk             |       |    12 |    10 ||    22
       Ration            |       |       |     1 ||     1
Armor: Animal skin       |    14 |     4 |       ||    18
       Chain mail        |       |    73 |   115 ||   188
Dodge: Dodged            |    41 |    74 |    85 ||   200
Block: Buckler           |       |    20 |    24 ||    44

Table legend:
 A = Spawn XP
 B = Non-spawn XP
 C = Spawn XP percentage of total XP
 D = Spawn monster count
 E = Non-spawn monster count
 F = Spawn count percentage of total count
 G = Total turns spent on level
                    A         B        C        D         E        F      G
               +---------+---------+-------+---------+---------+-------+---------
         Total |       0 |    4220 |   0.0 |       0 |     175 |   0.0 |  6537
               +---------+---------+-------+---------+---------+-------+---------
           D:1 |       0 |      37 |   0.0 |       0 |      19 |   0.0 |   527
           D:2 |       0 |      84 |   0.0 |       0 |      30 |   0.0 |   704
           D:3 |       0 |     105 |   0.0 |       0 |      34 |   0.0 |  1352
           D:4 |       0 |     368 |   0.0 |       0 |      14 |   0.0 |   899
           D:5 |       0 |    1906 |   0.0 |       0 |      27 |   0.0 |  1342
           D:6 |       0 |     644 |   0.0 |       0 |      21 |   0.0 |   853
           D:7 |       0 |     358 |   0.0 |       0 |      13 |   0.0 |   213
        Bailey |       0 |     718 |   0.0 |       0 |      17 |   0.0 |   647
               +---------+---------+-------+---------+---------+-------+---------
